 Dungeon Crawl Stone Soup version 0.29-a0-582-ge82337ba6a (webtiles) character file.

Game seed: 320978085762896955

2905 jlumianski the Grave Robber (level 9, -1/58 (62) HPs)
             Began as a Demonspawn Necromancer on June 13, 2022.
             Was a Believer of Wu Jian.
             Slain by a wight
             ... wielding a +5 long sword
              (12 damage)
             ... on level 7 of the Dungeon on June 15, 2022.
             The game lasted 01:06:02 (7887 turns).

jlumianski the Grave Robber (DsNe)                  Turns: 7887, Time: 01:06:03

HP:   -1/58 (62)    AC:  6    Str:  8    XL:     9   Next: 49%
MP:   18/18         EV: 12    Int: 21    God:    Wu Jian [**....]
Gold: 348           SH:  0    Dex: 14    Spells: 12/20 levels left

rFire   . . .      SeeInvis .   C - +1 battleaxe (venom)
rCold   . . .      Faith    .   (shield currently unavailable)
rNeg    . . .      Spirit   .   B - +0 acid dragon scales
rPois   .          Reflect  .   (helmet restricted)
rElec   .          Harm     .   (no cloak)
rCorr   +          Rampage  .   (no gloves)
Will    .....                   (no boots)
Stlth   ++........              D - amulet of regeneration
HPRegen 0.99/turn               n - ring of flight
MPRegen 0.16/turn               (no ring)

@: flying, studying Throwing, drained
A: claws 1, horns 2, demonic guardian 1, powered by death 1
a: Renounce Religion, Wall Jump


You were on level 7 of the Dungeon.
You worshipped Wu Jian.
Wu Jian was pleased with you.
You visited 1 branch of the dungeon, and saw 8 of its levels.
You also visited: Sewer.

You collected 348 gold pieces.

Inventory:

Hand Weapons
 e - a +0 hand axe
 p - a +0 hand axe of protection
 v - a +1 flail of protection
 y - a +0 war axe
 C - a +1 battleaxe of venom (weapon)
 H - a +0 halberd of flaming
Missiles
 d - 295 stones
 t - 13 poisoned darts
 u - 12 boomerangs (quivered)
 E - a throwing net
Armour
 a - a +0 robe
 l - a +0 robe
 x - a +0 leather armour
 z - a +0 ring mail
 B - +0 acid dragon scales (worn)
Magical Staves
 r - a staff of air
 G - a staff of earth
Jewellery
 n - a ring of flight (left claw)
 D - an amulet of regeneration (around neck)
Wands
 F - a wand of paralysis (8)
Scrolls
 c - a scroll of fear
 m - a scroll of amnesia
 q - a scroll of teleportation
 w - 2 scrolls of magic mapping
 I - a scroll of enchant armour {unknown}
Potions
 b - 2 potions of magic
 f - 2 potions of curing
 g - 2 potions of resistance
 h - 3 potions of flight
 i - a potion of lignification
 j - a potion of heal wounds
 k - 3 potions of haste
 o - 2 potions of brilliance
 s - a potion of mutation
 A - a potion of might


   Skills:
 + Level 2.8 Fighting
 * Level 5.5 Axes
 + Level 2.9 Armour
 * Level 4.5 Dodging
 * Level 4.8 Stealth
 + Level 6.0 Spellcasting
 + Level 7.5 Necromancy


You had 12 spell levels left.
You knew the following spells:

 Your Spells              Type           Power      Damage    Failure   Level
a - Necrotize             Necr           100%       1d9       1%          1
b - Vampiric Draining     Necr           38%        2d8       2%          3
c - Animate Dead          Necr           38%        N/A       8%          4

Your spell library contained the following spells:

 Spells                   Type           Power      Damage    Failure   Level
 Freeze                   Ice            24%        1d5       17%         1
 Shock                    Conj/Air       24%        1d4       17%         1
 Sting                    Tmut/Pois      24%        1d4       17%         1
 Agony                    Necr           38%        N/A       21%         5
 Ensorcelled Hibernation  Hex/Ice        12%        N/A       26%         2
 Passwall                 Tmut/Erth      5%         N/A       26%         2
 Poisonous Vapours        Pois/Air       12%        N/A       26%         2
 Call Canine Familiar     Summ           6%         N/A       45%         3
 Frozen Ramparts          Ice            12%        1d3       45%         3
 Portal Projectile        Hex/Tloc       12%        N/A       45%         3
 Summon Guardian Golem    Hex/Summ       6%         N/A       45%         3
 Swiftness                Air            6%         N/A       45%         3
 Airstrike                Air            3%         N/A       86%         4
 Hailstorm                Conj/Ice       6%         3d4       86%         4
 Leda's Liquefaction      Hex/Erth       3%         N/A       86%         4
 Olgreb's Toxic Radiance  Pois           6%         N/A       86%         4
 Orb of Destruction       Conj           3%         9d5       100%        7
 Spellforged Servitor     Conj/Summ      3%         N/A       100%        7


Dungeon Overview and Level Annotations

Branches:
Dungeon (8/15)             Temple (0/1) D:4           Sewer (visited)
   Lair: D:8-11

Altars:
Elyvilon
Gozag
Kikubaaqudgha
Wu Jian
Zin

Shops:
D:6 (


Innate Abilities, Weirdness & Mutations

You have sharp fingernails.
You have a pair of horns on your head.
A weak demonic guardian rushes to your aid.
You regenerate a little health from kills.


Message History

The wight hits your orc priest zombie with a +3 dagger of freezing!
Things that are here:
a +4 dire flail; a +0 robe; 14 gold pieces You swap places.
A wight comes into view. It is wielding a +5 long sword.
The wight hits you with a +3 dagger of freezing!
The wight freezes you.
A demonic guardian appears!
The wight moves out of view.
You hit the wight. The wight blocks your attack.
The wight is lightly damaged.
The wight closely misses you.
The wight hits you with a +3 dagger of freezing.
The wight freezes you.
You hit the wight.
The wight is moderately damaged.
The wight closely misses you.
You slash the wight! Your headbutt misses the wight.
The wight is almost destroyed.
The wight hits you with a +3 dagger of freezing.
You feel drained. The wight freezes you.
The wight hits you with a +3 dagger of freezing!
The wight freezes you.
You slash the wight!
You destroy the wight!
The Council accepts your kill.
Your life force feels restored.
Things that are here:
a +3 dagger of freezing; a +0 robe; a +0 buckler You hit the wight but do no damage.
The wight hits you with a +5 long sword!
You feel drained.
* * * LOW HITPOINT WARNING * * *
You barely miss the wight. You headbutt the wight.
The wight is lightly damaged.
The wight hits you with a +5 long sword.
* * * LOW HITPOINT WARNING * * *
You feel drained.
* * * LOW HITPOINT WARNING * * *
A demonic guardian appears!
The wight hits you with a +5 long sword!
You die...

#.# #.#
_....._#.##.).... #.#
#.# #..$..##.##......
#.# #.# #8...8
#..####### #.#####.#
##8## ##Z# #.......#
###### #.# #########
#....# #.# #....###.####
#########ZZ.........##..
.....5z@55Z.............
......####...........###
..... ###########.# ....
+# ... .. .


You could see a wight (ally target), a friendly iron imp (summoned), 2 friendly
ufetubi, 2 friendly orc zombies and a friendly orc priest zombie.

Vanquished Creatures
  Maggie (D:7)
  4 yaks (D:6)
  A steam dragon (D:3)
  2 water moccasins
  An orc warrior (D:6)
  A centaur (D:6)
  A bullfrog (D:6)
  A gnoll sergeant (D:6)
  2 scorpions
  2 wights (D:7)
  A vampire bat (D:4)
  3 hounds
  A gnoll shaman (D:5)
  5 orc priests
  5 iguanas
  2 orc wizards
  14 gnolls
  2 river rats (D:4)
  14 adders
  An ufetubus (D:5)
  2 worms
  32 orcs
  8 ball pythons
  8 bats
  8 endoplasms
  4 giant cockroaches
  10 goblins
  6 hobgoblins
  3 jackals (D:5)
  4 kobolds
  2 quokkas
  5 frilled lizards
  8 rats
164 creatures vanquished.

Vanquished Creatures (collateral kills)
  A yak (D:6)
  A necrophage (D:5)
  A hound (D:6)
  An adder (D:2)
  3 orcs
  A giant cockroach (D:4)
  A ball python (D:4)
  A frilled lizard (D:2)
  2 rats
12 creatures vanquished.

Vanquished Creatures (others)
  A hound zombie (D:6)
  2 adder zombies (D:6)
  5 orc zombies
  4 plants (D:4)
12 creatures vanquished.

Grand Total: 188 creatures vanquished

Notes
Turn   | Place    | Note
-------+----------+-------------------------------------------
     0 | D:1      | jlumianski the Demonspawn Necromancer began the quest for
                  | the Orb.
     0 | D:1      | Reached XP level 1. HP: 13/13 MP: 3/3
   390 | D:1      | Discovered your monstrous ancestry.
   390 | D:1      | Gained mutation: You have a pair of small horns on your
                  | head. [demonic ancestry]
   390 | D:1      | Reached XP level 2. HP: 19/19 MP: 0/5
   901 | D:2      | Reached skill level 5 in Necromancy
  1017 | D:2      | Gained mutation: You have sharp fingernails. [demonic
                  | ancestry]
  1017 | D:2      | Reached XP level 3. HP: 24/24 MP: 2/6
  1017 | D:2      | Upgraded the game from 0.29-a0-575-g0dc89cf053 to
                  | 0.29-a0-577-gafbf2c5d25
  1632 | D:2      | Found a faded altar of an unknown god.
  1637 | D:2      | Learned a level 3 spell: Vampiric Draining
  1925 | D:3      | Reached XP level 4. HP: 30/30 MP: 5/8
  2085 | D:3      | Upgraded the game from 0.29-a0-577-gafbf2c5d25 to
                  | 0.29-a0-582-ge82337ba6a
  2335 | D:4      | Reached XP level 5. HP: 35/35 MP: 1/10
  2350 | D:4      | Found a glowing drain.
  2367 | Sewer    | Entered a sewer
  3147 | D:3      | Found an ornate altar of the Wu Jian Council.
  3159 | D:3      | Became a worshipper of the Wu Jian Council
  3861 | D:3      | Gained mutation: You have a pair of horns on your head.
                  | [demonic ancestry]
  3861 | D:3      | Reached XP level 6. HP: 42/42 MP: 7/12
  4060 | D:5      | Entered Level 5 of the Dungeon
  4195 | D:4      | Reached skill level 1 in Axes
  4296 | D:4      | Reached skill level 1 in Armour
  4324 | D:4      | Reached skill level 1 in Fighting
  4333 | D:4      | Found a staircase to the Ecumenical Temple.
  4409 | D:4      | Reached * piety under Wu Jian
  5169 | D:4      | Noticed a steam dragon
  5183 | D:3      | Killed a steam dragon
  5184 | D:3      | Reached skill level 6 in Necromancy
  5184 | D:3      | Reached XP level 7. HP: 19/48 MP: 4/14
  5597 | D:5      | Learned a level 4 spell: Animate Dead
  5789 | D:5      | Paralysed by a gnoll for 2 turns
  5833 | D:5      | Paralysed by a gnoll for 2 turns
  5901 | D:5      | Reached skill level 5 in Spellcasting
  6220 | D:5      | Reached ** piety under Wu Jian
  6539 | D:6      | Gained mutation: A weak demonic guardian rushes to your
                  | aid. [demonic ancestry]
  6539 | D:6      | Reached XP level 8. HP: 12/54 MP: 3/15
  6670 | D:6      | Found an ancient bone altar of Kikubaaqudgha.
  6991 | D:6      | Found Onaty's Weapon Shop.
  7213 | D:6      | HP: 1/56 [centaur (6)]
  7217 | D:6      | Reached skill level 7 in Necromancy
  7384 | D:6      | Gained mutation: You regenerate a little health from kills.
                  | [demonic ancestry]
  7384 | D:6      | Reached XP level 9. HP: 29/62 MP: 8/17
  7656 | D:7      | Noticed Maggie
  7663 | D:7      | Killed Maggie
  7664 | D:7      | Reached skill level 5 in Axes
  7710 | D:7      | Found Dapp's Serpentskin Sales.
  7872 | D:7      | Found an opulent altar of Gozag.
  7887 | D:7      | Slain by a wight

Illustrated notes

Levels and vault maps discovered:
D:1:      psy_arrival_whirlpool, layout_basic
D:2:      layout_basic, hellmonk_ecumenical_altar_lost_god
D:3:      layout_basic, nzn_wu_jian_contemplation,
          amcnicky_mini_rare_corridor_liquid, grunt_ministairs_12,
          kennysheep_another_room
D:4:      layout_basic, minmay_temple_entry_gardened_gates,
          portal_sewer_entry_e, roderic_batcave, corexii_leaking_fountain,
          chequers_serial_rivers_micro_d
D:5:      wander_river, layout_loops_ring, kennysheep_doodads
D:6:      minmay_recursive_quarters, layout_rooms, kennysheep_mini,
          serial_shops, nicolae_shop_bloodbath_and_beyond
D:7:      minmay_general_purpose_star, layout_basic,
          nicolae_overflow_hidden_temple, zin_scriptorium,
          chequers_serial_rivers_large_b, nicolae_lava_and_water,
          chequers_serial_rivers_micro_a, guppyfry_shop_venom, uniq_maggie
D:8:      argonaut_augean_stables, layout_basic

Skill      XL: |  1  2  3  4  5  6  7  8  9 |
---------------+----------------------------+-----
Dodging        | 2 3 4 |  4.5
Necromancy     | 5 6 7 |  7.5
Stealth        | 2 3 4 |  4.8
Spellcasting   | 3 4 5 6 |  6.0
Axes           | 1 2 4 5 |  5.5
Armour         | 1 2 |  2.9
Fighting       | 1 2 |  2.8

Action                   |  1- 3 |  4- 6 |  7- 9 || total
-------------------------+-------+-------+-------++-------
Melee: Hand axe          |    14 |     2 |       ||    16
       Headbutt          |     1 |     9 |    26 ||    36
       War axe           |       |    57 |    52 ||   109
       Battleaxe         |       |       |    90 ||    90
Throw: Dart              |     1 |     6 |       ||     7
 Cast: Necrotize         |    41 |   116 |    78 ||   235
       Vampiric Draining |       |     8 |    16 ||    24
       Animate Dead      |       |       |     6 ||     6
Invok: Lunge             |       |     5 |    13 ||    18
       Whirlwind         |       |     3 |     7 ||    10
 Abil: Wall Jump         |       |       |     3 ||     3
  Use: Potion            |     3 |     3 |     3 ||     9
       Scroll            |     1 |    10 |     6 ||    17
 Stab: Sleeping          |       |     1 |     1 ||     2
Armor: Robe              |    14 |     1 |       ||    15
       Leather armour    |       |    35 |    27 ||    62
       Acid dragon scale |       |       |     2 ||     2
Dodge: Dodged            |    28 |    92 |   175 ||   295

Table legend: (Time is in decaauts)
 A = Elapsed time spent in this place.
 B = Non-inter-level travel time spent in this place.
 C = Inter-level travel time spent in this place.
 D = Time resting spent in this place.
 E = Time spent auto-exploring this place.
 F = Levels seen in this place.
 G = Mean time per level.
                   A        B        C        D        E       F      G
               +--------+--------+--------+--------+--------+-----+--------+
         Total |   7958 |   7847 |    111 |    619 |   4282 |   9 |  884.2 |
       Dungeon |   7444 |   7333 |    111 |    443 |   4175 |   8 |  930.5 |
         Sewer |    514 |    514 |      0 |    176 |    107 |   1 |  514.0 |
               +--------+--------+--------+--------+--------+-----+--------+

Top non-repeatable levels by time:
     D:3: 1640 daAuts
     D:4: 1354 daAuts
     D:2: 1147 daAuts
     D:6: 1128 daAuts
     D:5: 1095 daAuts
     D:1: 768 daAuts
   Sewer: 514 daAuts
     D:7: 306 daAuts
     D:8: 1 daAuts
